 Dungeon Crawl Stone Soup version 0.31.0-32-g396128a36d (webtiles) character file.

Game seed: 11659291593321374016

72779 Squelettyx the Grappler (level 15, -11/159 HPs)
             Began as a Troll Fighter on Mar 16, 2024.
             Was a High Priest of Makhleb.
             Mangled by a shock serpent (13 damage)
             ... on level 3 of the Snake Pit on Mar 17, 2024.
             The game lasted 02:34:27 (17202 turns).

Squelettyx the Grappler (Troll Fighter)            Turns: 17202, Time: 02:34:27

Health: -11/159    AC: 11    Str: 32    XL:     15   Next: 2%
Magic:  21/21      EV: 10    Int:  4    God:    Makhleb [*****.]
Gold:   1131       SH: 21    Dex: 11    Spells: 14/14 levels left

rFire   + .          .
                       - Unarmed
rCold   x . .        c - +0 tower shield
rNeg    . . .        f - +2 troll leather armour
rPois   +            D - +1 hat
rElec   .            r - +2 cloak
rCorr   .            (gloves unavailable)
SInv    .            (boots unavailable)
Will    ++...        S - amulet of reflection
Stlth   +            z - ring of poison resistance
HPRegen 2.06/turn    u - ring of Ascent {Fire rPois Will+}
MPRegen 0.17/turn

%: reflection
@: no status effects
A: large, unfitting armour, claws 3, regeneration 1, shaggy fur 1, tough skin 1
a: Renounce Religion, Minor Destruction, Lesser Servant of Makhleb, Major
Destruction, Greater Servant of Makhleb


You were on level 3 of the Snake Pit.
You worshipped Makhleb.
Makhleb was extremely pleased with you.
You visited 4 branches of the dungeon, and saw 19 of its levels.

You collected 1339 gold pieces.
You spent 208 gold pieces at shops.

Inventory:

Armour
 c - a +0 tower shield (worn)
 f - a +2 troll leather armour (worn)
 r - a +2 cloak (worn)
 y - a scarf of resistance
 D - a +1 hat (worn)
 Q - a +2 robe of fire resistance
Jewellery
 b - the ring of Engosipt {rC+ Will+ EV+5 Str+3}
   (You acquired it on level 7 of the Dungeon)

   [ring of evasion]

   EV+5:      It affects your evasion (+5).
   Str+3:     It affects your strength (+3).
   rC+:       It protects you from cold.
   Will+:     It increases your willpower.
 d - a ring of willpower
 h - a ring of flight
 u - the ring of Ascent (right claw) {Fire rPois Will+}
   (You acquired it on level 8 of the Dungeon)

   [ring of fire]

   Fire:      It enhances your fire magic.
   rF+:       It protects you from fire.
   rC-:       It makes you vulnerable to cold.
   rPois:     It protects you from poison Will+: It increases your willpower.
 z - a ring of poison resistance (left claw)
 G - a ring of protection from fire
 H - an amulet of faith
 I - a ring of willpower
 S - an amulet of reflection (around neck)
Scrolls
 i - 8 scrolls of teleportation
 j - 5 scrolls of fear
 k - a scroll of amnesia {unknown}
 l - a scroll of identify
 m - 2 scrolls of revelation
 q - a scroll of butterflies {unknown}
 s - 2 scrolls of silence {unknown}
 J - 2 scrolls of fog
 K - a scroll of blinking
 R - a scroll of poison {unknown}
Potions
 a - 4 potions of invisibility
 e - 4 potions of curing
 g - 2 potions of berserk rage
 n - 7 potions of heal wounds
 o - 2 potions of brilliance
 t - 2 potions of mutation
 w - 3 potions of lignification
 A - 2 potions of enlightenment
 L - 2 potions of haste
 M - 2 potions of resistance
 T - a potion of ambrosia {unknown}
 U - a potion of degeneration {unknown}


   Skills:
 + Level 13.1 Fighting
 - Level 6.0 Dodging
 + Level 11.1 Shields
 + Level 14.8 Unarmed Combat
 - Level 10.0 Invocations


You had 14 spell levels left.
You didn't know any spells.
Your spell library contained the following spells:

 Spells                   Type           Power      Damage    Failure   Level
 Foxfire                  Conj/Fire      0%         2x1d4     85%         1
 Magic Dart               Conj           0%         1d3       85%         1
 Shock                    Conj/Air       0%         1d3       85%         1
 Blink                    Tloc           0%         N/A       94%         2
 Call Imp                 Summ           0%         N/A       94%         2
 Cigotuvi's Dreadful Rot  Necr/Alch/Air  0%         N/A       94%         2
 Jinxbite                 Hex            0%         N/A       94%         2
 Frozen Ramparts          Ice            0%         1d1       99%         3
 Summon Ice Beast         Ice/Summ       0%         N/A       99%         3
 Swiftness                Air            0%         N/A       99%         3
 Airstrike                Air            0%         2d(0-16)  100%        4
 Cause Fear               Hex            0%         N/A       100%        4
 Dispel Undead            Necr           0%         3d6       100%        4
 Leda's Liquefaction      Alch/Erth      0%         N/A       100%        4
 Martyr's Knell           Necr/Summ      0%         N/A       100%        4
 Petrify                  Alch/Erth      0%         N/A       100%        4
 Vhi's Electric Charge    Tloc/Air       0%         N/A       100%        4
 Arcjolt                  Conj/Air       0%         1d10      100%        5
 Fireball                 Conj/Fire      0%         3d3       100%        5
 Metabolic Englaciation   Hex/Ice        0%         N/A       100%        5
 Summon Mana Viper        Hex/Summ       0%         N/A       100%        5
 Yara's Violent Unravell  Hex/Alch       0%         3d3       100%        5
 Death Channel            Necr           0%         N/A       100%        6
 Plasma Beam              Fire/Air       0%         2x1d10    100%        6
 Starburst                Conj/Fire      0%         6d3       100%        6
 Enfeeble                 Hex            0%         N/A       100%        7
 Monstrous Menagerie      Summ           0%         N/A       100%        7
 Maxwell's Capacitive Co  Air            0%         ∞         100%        8
 Dragon's Call            Summ           0%         N/A       100%        9


Dungeon Overview and Level Annotations

Branches:
Dungeon (11/15)            Temple (1/1) D:6            Lair (4/5) D:8
  Swamp (0/4) Lair:3        Snake (3/4) Lair:2        Slime (0/5) Lair:4
    Orc (0/2) D:11

Altars:
Ashenzari
Cheibriados
Dithmenos
Elyvilon
Fedhas
Gozag
Hepliaklqana
Kikubaaqudgha
Makhleb
Nemelex Xobeh
Okawaru
Qazlal
Ru
Sif Muna
Trog
Uskayaw
Vehumet
Wu Jian
Xom
Yredelemnul
Zin
The Shining One

Shops:
D:5 *   D:10 *   Snake:1 *[**

Annotations:
Lair:3 3 runed translucent doors, exclusion: oklob plant, Cuillere's ghost, journeyman GrEE


Innate Abilities, Weirdness & Mutations

You are too large for most types of armour.
You have claws for hands.
Your natural rate of healing is unusually fast.
You are covered in fur. (AC +1)
You have tough skin. (AC +1)


Message History

You see here the serpent talisman of the Invisible Hand {MP+9 Int+3}.
You open the door.
There is an open door here.
A shock serpent comes into view.
Found a stone staircase leading down.
You miss the shock serpent.
The shock serpent bites you but does no damage.
The shock serpent misses you.
You miss the shock serpent. The shock serpent bites you!
The shock serpent shocks you!
You closely miss the shock serpent. The shock serpent bites you!
The shock serpent shocks you!
You closely miss the shock serpent. The shock serpent bites you.
The shock serpent shocks you!
You eviscerate the shock serpent!!!
The shock serpent is severely wounded.
The shock serpent's electric aura discharges, shocking you!
You block the shock serpent's attack. x2
You miss the shock serpent.
The shock serpent is severely wounded.
The shock serpent shoots out a bolt of lightning at you!
The bolt of electricity hits you!! The bolt of electricity hits you!
You claw the shock serpent!
The shock serpent is almost dead.
The shock serpent's electric aura discharges, shocking you!
The shock serpent shoots out a bolt of lightning at you!
The bolt of electricity hits you!!
* * * LOW HITPOINT WARNING * * *
The bolt of electricity misses you.
You miss the shock serpent.
The shock serpent is almost dead.
The shock serpent shoots out a bolt of lightning at you!
The bolt of electricity hits you!
* * * LOW HITPOINT WARNING * * *
The bolt of electricity hits you.
* * * LOW HITPOINT WARNING * * *
The shock serpent bites you!
* * * LOW HITPOINT WARNING * * *
The shock serpent shocks you!
You die...

#....## ##..##.## ###.....##
#.....#.## ..#......####
#..##..##.# .....###....###
###.# ##..### #....# ##.....#
+#.#####..## #....#
#....######........## #....##
##..##...##.......##
#.....####..#>.♣..'.♣.....##
...##.......##.S@##...#....####
.##########..######.###....##.#
## ###..# +#####.....## # #..#
#.###...##.## ##.#
#..#...####.# #.# #....##.# ###
#.## ##..####.## ##..###.###
#..# ####.....%## ##.##


You could see a shock serpent.

Vanquished Creatures
  Gastronok (D:9)
  Aizul (Snake:3)
  A salamander tyrant (Snake:3)
  A catoblepas (Lair:3)
  10 anacondas
  A two-headed ogre (D:8)
  6 death yaks (Lair:4)
  5 naga sharpshooters
  3 naga warriors
  2 shock serpents
  Amaemon (Lair:2)
  Nergalle (Lair:2)
  A lindwurm (Lair:2)
  An ugly thing (D:11)
  A naga ritualist (Snake:3)
  The ghost of Vncvd the Ruffian, a novice BaMo (D:6)
  9 elephants (Lair:4)
  9 salamanders
  A manticore (D:11)
  3 guardian serpents (Snake:2)
  An orange demon (Lair:2)
  26 black mambas
  9 naga magi
  5 cane toads
  Maggie (Lair:1)
  A kobold demonologist (D:6)
  2 rime drakes (Lair:1)
  2 ice devils (Lair:4)
  11 komodo dragons
  A polar bear (Lair:1)
  6 trolls
  3 hornets
  10 blink frogs
  5 dream sheep (Lair:3)
  A shadow (D:10)
  3 wyverns
  A wraith (D:11)
  58 yaks
  A basilisk (Lair:4)
  2 vampire mosquitoes (D:11)
  25 nagas
  22 water moccasins
  2 sky beasts (D:8)
  12 orc warriors
  2 black bears
  4 ogres
  20 wolves
  A centaur (D:7)
  A phantom (D:7)
  13 kobold brigands
  A scorpion (D:6)
  4 bullfrogs
  2 gnoll sergeants
  14 wights (D:8)
  8 killer bees
  2 howler monkeys
  4 electric eels
  3 bombardier beetles
  5 hounds
  7 jellies
  5 orc priests
  Crazy Yiuf (D:2)
  A sleepcap (D:7)
  3 iguanas
  7 orc wizards
  6 gnolls
  5 adders
  A shadow imp (D:7)
  4 ribbon worms
  3 dart slugs
  54 orcs
  5 ball pythons
  8 bats
  4 endoplasms
  A giant cockroach (D:2)
  6 goblins
  6 hobgoblins
  3 jackals (D:1)
  15 kobolds
  6 quokkas
  4 frilled lizards
  3 rats
511 creatures vanquished.

Notes
Turn   | Place    | Note
-------+----------+-------------------------------------------
     0 | D:1      | Squelettyx the Troll Fighter began the quest for the Orb.
     0 | D:1      | Reached XP level 1. HP: 22/22 MP: 0/0
   112 | D:1      | Reached XP level 2. HP: 29/29 MP: 1/1
   186 | D:1      | Found a faded altar of an unknown god.
   422 | D:1      | Reached skill level 3 in Unarmed Combat
   558 | D:1      | Reached XP level 3. HP: 36/36 MP: 2/2
  1199 | D:2      | Found a runed translucent door.
  1200 | D:2      | Noticed Crazy Yiuf
  1548 | D:2      | Reached skill level 4 in Unarmed Combat
  1625 | D:2      | Reached XP level 4. HP: 44/44 MP: 3/3
  1779 | D:2      | Killed Crazy Yiuf
  2016 | D:3      | Reached skill level 5 in Unarmed Combat
  2016 | D:3      | Reached XP level 5. HP: 44/50 MP: 4/4
  2066 | D:3      | Found a shimmering blue altar of Sif Muna.
  2243 | D:3      | Found a burning altar of Makhleb.
  2247 | D:3      | Became a worshipper of Makhleb the Destroyer
  2729 | D:4      | Reached skill level 6 in Unarmed Combat
  2762 | D:4      | Found a basalt altar of Yredelemnul.
  2924 | D:4      | Reached XP level 6. HP: 58/59 MP: 5/5
  3133 | D:5      | Entered Level 5 of the Dungeon
  3208 | D:5      | Reached skill level 7 in Unarmed Combat
  3230 | D:5      | Found Cuwapahi's Assorted Antiques.
  3250 | D:5      | Reached XP level 7. HP: 63/66 MP: 6/6
  3282 | D:5      | Reached skill level 8 in Unarmed Combat
  3418 | D:5      | Bought a scroll of identify for 44 gold pieces
  3418 | D:5      | Bought a scroll of identify for 44 gold pieces
  3418 | D:5      | Bought a scroll of identify for 44 gold pieces
  3650 | D:5      | Found a hazy altar of Hepliaklqana.
  3729 | D:5      | Found a shadowy altar of Dithmenos.
  3730 | D:5      | Found a shimmering altar of Xom.
  3730 | D:5      | Found a sacrificial altar of Ru.
  3731 | D:5      | Found a glowing golden altar of the Shining One.
  3731 | D:5      | Noticed a troll
  3747 | D:5      | HP: 3/66 [troll (11)]
  3880 | D:5      | Found a radiant altar of Vehumet.
  4062 | D:5      | Killed a troll
  4062 | D:5      | Reached * piety under Makhleb
  4063 | D:5      | Reached skill level 5 in Shields
  4063 | D:5      | Reached XP level 8. HP: 46/74 MP: 7/7
  4137 | D:6      | Found a staircase to the Ecumenical Temple.
  4146 | Temple   | Entered the Ecumenical Temple
  4407 | D:6      | Noticed Vncvd's ghost (novice BaMo)
  4407 | D:6      | Noticed a kobold demonologist
  4408 | D:6      | Found a runed translucent gate.
  4408 | D:6      | Found a runed translucent gate.
  4408 | D:6      | Found a runed translucent gate.
  5105 | D:7      | Reached skill level 9 in Unarmed Combat
  5106 | D:7      | Identified 2 scrolls of acquirement
  5107 | D:7      | Acquired the ring of Engosipt {rC+ Will+ EV+5 Str+3}
  5184 | D:7      | Reached ** piety under Makhleb
  5299 | D:7      | Reached skill level 10 in Unarmed Combat
  5521 | D:7      | Reached XP level 9. HP: 76/80 MP: 8/8
  5836 | D:8      | Found a staircase to the Lair.
  5837 | D:8      | Noticed a komodo dragon
  5854 | D:8      | Killed a komodo dragon
  5882 | D:8      | Noticed a troll
  5892 | D:8      | Killed a troll
  5893 | D:8      | Acquired the ring of Ascent {Fire rPois Will+}
  5991 | D:8      | Reached skill level 5 in Fighting
  6079 | D:8      | Noticed a two-headed ogre
  6109 | D:8      | Killed a two-headed ogre
  6110 | D:8      | Reached XP level 10. HP: 99/100 MP: 9/9
  6121 | D:8      | Paralysed by a hornet for 3 turns
  6362 | D:8      | Reached *** piety under Makhleb
  6425 | D:8      | Found a snail-covered altar of Cheibriados.
  6944 | D:9      | Found a white marble altar of Elyvilon.
  7042 | D:9      | Noticed Gastronok
  7063 | D:9      | Killed Gastronok
  7328 | D:10     | Entered Level 10 of the Dungeon
  7384 | D:10     | Reached XP level 11. HP: 117/117 MP: 10/10
  7484 | D:10     | Reached skill level 10 in Fighting
  7660 | D:10     | Found an opulent altar of Gozag.
  7875 | D:10     | Found Rawajuisch's CLEARANCE SALE!.
  8119 | D:11     | Noticed a green ugly thing
  8127 | D:11     | Killed a green ugly thing
  8146 | D:11     | Found a staircase to the Orcish Mines.
  8420 | D:11     | Reached **** piety under Makhleb
  8811 | Lair:1   | Entered Level 1 of the Lair of Beasts
  8818 | Lair:1   | Reached skill level 11 in Unarmed Combat
  9001 | Lair:1   | Reached ***** piety under Makhleb
  9149 | Lair:1   | Noticed Maggie
  9161 | Lair:1   | Killed Maggie
  9162 | Lair:1   | Reached skill level 12 in Unarmed Combat
  9361 | Lair:1   | Reached XP level 12. HP: 118/130 MP: 11/11
  9414 | Lair:1   | Reached skill level 1 in Invocations
 10081 | D:6      | Killed Vncvd's ghost
 10275 | Lair:2   | Found a staircase to the Snake Pit.
 10408 | Lair:2   | Noticed Amaemon
 10444 | Lair:2   | Killed Amaemon
 10454 | Lair:2   | Reached skill level 13 in Unarmed Combat
 10482 | Lair:2   | Reached skill level 5 in Invocations
 10495 | Lair:2   | Noticed Nergalle
 10504 | Lair:2   | Killed Nergalle
 10751 | Lair:2   | You fall into a shaft and drop 1 floor!
 11098 | Lair:2   | Reached XP level 13. HP: 95/139 MP: 16/16
 11132 | Lair:2   | Reached ****** piety under Makhleb
 11151 | Lair:3   | Found a staircase to the Swamp.
 11249 | Lair:3   | Found a runed translucent gate.
 11250 | Lair:3   | Found a runed translucent gate.
 11251 | Lair:3   | Found a runed translucent gate.
 11253 | Lair:3   | Noticed Cuillere's ghost (journeyman GrEE)
 12156 | Lair:4   | Reached skill level 5 in Dodging
 12200 | Lair:4   | Found a staircase to the Slime Pits.
 13474 | Snake:1  | Entered Level 1 of the Snake Pit
 13592 | Snake:1  | Found Lellus's Assorted Antiques.
 13607 | Snake:1  | Reached XP level 14. HP: 121/149 MP: 19/19
 13615 | Snake:1  | Found Xehext's Assorted Antiques.
 13615 | Snake:1  | Found Buexus's Antique Armour Shop.
 13625 | Snake:1  | Found Tuxziety's Assorted Antiques.
 13634 | Snake:1  | Bought a scroll of identify for 76 gold pieces
 13865 | Snake:1  | Reached skill level 10 in Shields
 14079 | Snake:1  | Reached skill level 14 in Unarmed Combat
 15655 | Snake:3  | Reached skill level 10 in Invocations
 15970 | Snake:3  | Identified the serpent talisman of the Invisible Hand {MP+9
                  | Int+3}
 15970 | Snake:3  | Noticed Aizul
 15993 | Snake:3  | Killed Aizul
 16671 | Snake:3  | Reached XP level 15. HP: 133/159 MP: 21/21
 17202 | Snake:3  | HP: 2/159 [shock serpent (14)]
 17202 | Snake:3  | Mangled by a shock serpent

Illustrated notes

Levels and vault maps discovered:
D:1:      minmay_arrival_loop, layout_basic, serial_forest,
          infiniplex_forest_lined_2, infiniplex_forest_clump_cross,
          infiniplex_forest_lined_room_, infiniplex_forest_lined_2,
          infiniplex_forest_straight_3, infiniplex_forest_lined_corner,
          infiniplex_forest_lined_ring, infiniplex_forest_lined_2,
          shapermc_ecumenical_altar_acropolis
D:2:      layout_loops_ring, chequers_serial_rivers_room_b,
          uniq_crazy_yiuf_cottage
D:3:      layout_rooms, mainiacjoe_overflow_brackets,
          mainiacjoe_overflow_catwalk
D:4:      layout_basic, marbit_many_paths
D:5:      layout_basic, worldfamousw_hep_ancestral_shrine,
          grunt_temple_overflow_open, serial_shops,
          nicolae_shop_tiny_statue_garden
D:6:      layout_loops_ring, minmay_temple_entry_slanted,
          gammafunk_ghost_nasty_kobolds, corexii_leaking_fountain
D:7:      layout_basic
D:8:      layout_loops_ring, lemuel_tele_altar, david_lair_shrubbed,
          dk_noncrumbling_3, lightli_minifort
D:9:      layout_roguey, mainiacjoe_overflow_24_doors, uniq_gastronok
D:10:     layout_long_grid, mainiacjoe_overflow_surrounded_room,
          amcnicky_mini_rare_corridor_liquid, nicolae_shop_clearance
D:11:     layout_basic, david_orc_3, special_room [special_room_orc]
Temple:   chequers_temple_sunken
Lair:1:   layout_cave_pods, grunt_megastairs_5, uniq_maggie
Lair:2:   layout_misc_corridors, minmay_snake_entry_six_corridors,
          gauntlet_entry_generic, lemuel_fruit_fields,
          infiniplex_staircase_pool, uniq_nergalle, uniq_amaemon
Lair:3:   layout_cellular_growth, swamp_mist, gammafunk_ghost_necromancy
Lair:4:   layout_layer_cave, nicolae_slime_entry_field_trip,
          portal_ice_cave_demonic_guard
Snake:1:  layout_rooms, nicolae_snake_gridmaze_squiggle, minmay_shoptagon
Snake:2:  layout_grid_maze, nrook_guardian_serpent_double
Snake:3:  layout_layer_cave, grunt_ministairs_4, st_stairs_13,
          serial_library_regret_index_split_case, uniq_aizul

Skill      XL: |  1  2  3  4  5  6  7  8  9 10 11 12 13 14 |
---------------+-------------------------------------------+-----
Unarmed Combat | 3 4 5 6 7 8 10 12 13 14 | 14.8
Shields        | 5 6 8 9 11 | 11.1
Fighting       | 6 9 11 12 13 | 13.1
Invocations    | 5 8 10 | 10.0
Dodging        | 4 5 6 |  6.0

Action                     |  1- 3 |  4- 6 |  7- 9 | 10-12 | 13-15 || total
---------------------------+-------+-------+-------+-------+-------++-------
  Melee: Unarmed           |   115 |    96 |   235 |   643 |   791 ||  1880
 Invoke: Minor Destruction |       |       |       |       |     5 ||     5
         Major Destruction |       |       |       |       |     1 ||     1
  Evoke: Wand              |       |     4 |    10 |       |       ||    14
    Use: Scroll            |       |     3 |    11 |    10 |     6 ||    30
         Potion            |       |     1 |       |     3 |     2 ||     6
   Stab: Paralysed         |       |     2 |    10 |       |       ||    12
         Sleeping          |       |       |     1 |       |       ||     1
         Invisible         |       |       |       |     4 |       ||     4
 Armour: Robe              |    46 |    37 |    27 |       |       ||   110
         Troll leather arm |       |       |    85 |   276 |   366 ||   727
  Dodge: Dodged            |    39 |    23 |    54 |   214 |   199 ||   529
  Block: Kite shield       |    25 |    20 |     9 |       |       ||    54
         Tower shield      |       |       |   121 |   414 |   667 ||  1202
         Reflection        |       |       |       |       |    36 ||    36
